 Dungeon Crawl Stone Soup version 0.30-a0-847-g17996783a1 (webtiles) character file.

Game seed: 16050122941515524778

632 Darius099 the Grappler (level 7, -4/66 HPs)
             Began as a Troll Monk on Mar 4, 2023.
             Slain by Duvessa
             ... wielding a +0 short sword of speed
              (6 damage)
             ... on level 5 of the Dungeon.
             The game lasted 00:06:43 (3297 turns).

Darius099 the Grappler (Troll Monk)                 Turns: 3297, Time: 00:06:43

Health: -4/66      AC:  6    Str: 20    XL:     7   Next: 24%
Magic:  6/6        EV: 10    Int:  6    God:
Gold:   131        SH:  0    Dex: 14    Spells: 6/6 levels left

rFire   . . .      SeeInvis .      - Unarmed
rCold   . . .      Faith    .    (no shield)
rNeg    . . .      Spirit   .    d - +0 robe
rPois   .          Reflect  .    m - +2 hat
rElec   .          Rampage  .    (no cloak)
rCorr   .                        (gloves unavailable)
Will    .....                    (boots unavailable)
Stlth   ++                       (no amulet)
HPRegen 1.11/turn                (no ring)
MPRegen 0.10/turn                (no ring)

@: lethally poisoned (-4 -> -8)
A: large, unfitting armour, claws 3, regeneration 1, shaggy fur 1, tough skin 1
a: no special abilities


You were on level 5 of the Dungeon.
You visited 1 branch of the dungeon, and saw 5 of its levels.
You also visited: Sewer.

You collected 131 gold pieces.

Inventory:

Armour
 d - a +0 robe (worn)
 m - a +2 hat (worn)
Scrolls
 a - 4 scrolls of brand weapon {unknown}
 g - 2 scrolls of identify {unknown}
 i - a scroll of enchant weapon {unknown}
 j - a scroll of vulnerability {unknown}
 k - 2 scrolls of immolation {unknown}
 l - 2 scrolls of enchant armour {unknown}
 p - 2 scrolls of teleportation {unknown}
 s - 2 scrolls of blinking
 w - 2 scrolls of fear {unknown}
Potions
 b - a potion of ambrosia
 c - a potion of cancellation {unknown}
 e - a potion of heal wounds {unknown}
 f - a potion of might {unknown}
 h - a potion of brilliance {unknown}
 n - a potion of haste {unknown}
 o - 3 potions of curing {unknown}
 q - a potion of invisibility {unknown}
 r - 2 potions of lignification {unknown}
 t - 2 potions of flight {unknown}
 u - 2 potions of magic {unknown}
 v - a potion of mutation {unknown}
 x - a potion of attraction {unknown}


   Skills:
 - Level 2.4 Fighting
 - Level 2.4 Dodging
 - Level 1.0 Stealth
 + Level 8.5 Unarmed Combat


You had 6 spell levels left.
You didn't know any spells.
Your spell library contained the following spells:

 Spells                   Type           Power      Damage    Failure   Level
 Lesser Beckoning         Tloc           0%         N/A       58%         2
 Call Canine Familiar     Summ           0%         N/A       83%         3
 Gell's Gravitas          Tloc           0%         N/A       83%         3
 Portal Projectile        Hex/Tloc       0%         N/A       83%         3
 Teleport Other           Tloc           0%         N/A       83%         3
 Leda's Liquefaction      Hex/Erth       0%         N/A       99%         4


Dungeon Overview and Level Annotations

Branches:
Dungeon (5/15)              Sewer (visited)
 Temple: D:4-7

Altars:
Vehumet

Shops:
D:1 *   D:5 *

Annotations:
D:5 Duvessa


Innate Abilities, Weirdness & Mutations

You are too large for most types of armour.
You have claws for hands.
Your natural rate of healing is unusually fast.
You are covered in fur. (AC +1)
You have tough skin. (AC +1)


Message History

You feel very sick. The water moccasin closely misses you.
Duvessa hits you with a +0 short sword of speed.
The adder closely misses you.
The ball python bites you but does no damage.
Duvessa hits you with a +0 short sword of speed.
The water moccasin bites you.
You scratch Duvessa.
Duvessa is lightly wounded.
You feel sick. The adder bites you but does no damage.
The ball python barely misses you. The water moccasin bites you.
You are more poisoned.
The water moccasin poisons you!
Duvessa hits you with a +0 short sword of speed.
You scratch Duvessa.
Duvessa is lightly wounded.
You feel very sick. The adder misses you. The water moccasin bites you.
Duvessa hits you with a +0 short sword of speed.
The ball python closely misses you.
You scratch Duvessa but do no damage.
Duvessa is lightly wounded.
You feel very sick. The adder barely misses you. The water moccasin bites you.
* * * LOW HITPOINT WARNING * * *
Duvessa hits you with a +0 short sword of speed.
* * * LOW HITPOINT WARNING * * *
The ball python closely misses you.
Duvessa hits you with a +0 short sword of speed.
* * * LOW HITPOINT WARNING * * *
You claw Duvessa!
Duvessa is heavily wounded.
* * * LOW HITPOINT WARNING * * *
You feel very sick. The adder closely misses you. The water moccasin bites you.
* * * LOW HITPOINT WARNING * * *
The ball python barely misses you.
Duvessa shouts, "You can run, but you cannot escape us forever!"
Duvessa hits you with a +0 short sword of speed.
You die...

##.##
##.........
#..#
##........
###..##
###......
##.....#
#.<...#
#..##....#
...####
#..####....#
...##
#.....###...
##
##..e....####
#...S@S..#
##..##S##..#
#...#... ..#
#...#.∩.# ..
#...#...# .
##..##+##...
#..........
#..........
#..........


You could see Duvessa, a water moccasin, an adder and a ball python.

Vanquished Creatures
  2 bullfrogs (Sewer)
  A scorpion (D:4)
  A jelly (D:5)
  2 hounds (D:4)
  2 iguanas (D:4)
  An orc priest (D:4)
  A sleepcap (D:5)
  An orc wizard (D:3)
  11 adders
  3 dart slugs
  12 orcs
  5 ball pythons
  6 endoplasms
  15 giant cockroaches
  9 goblins
  11 hobgoblins
  3 jackals (D:3)
  5 kobolds
  11 quokkas
  7 frilled lizards
  4 rats
113 creatures vanquished.

Vanquished Creatures (others)
  A fungus (D:4)
1 creature vanquished.

Grand Total: 114 creatures vanquished

Notes
Turn   | Place    | Note
-------+----------+-------------------------------------------
     0 | D:1      | Darius099 the Troll Monk began the quest for the Orb.
     0 | D:1      | Reached XP level 1. HP: 22/22 MP: 0/0
   164 | D:1      | Reached XP level 2. HP: 29/29 MP: 1/1
   397 | D:1      | Reached skill level 4 in Unarmed Combat
   474 | D:1      | Reached XP level 3. HP: 36/36 MP: 2/2
   524 | D:1      | Found Celuc's General Store.
   933 | D:2      | Reached XP level 4. HP: 44/44 MP: 3/3
  1165 | D:2      | Reached skill level 5 in Unarmed Combat
  1912 | D:3      | Reached XP level 5. HP: 22/29 MP: 4/4
  2053 | D:3      | Found a glowing drain.
  2061 | D:3      | Reached skill level 6 in Unarmed Combat
  2096 | Sewer    | Entered a sewer
  2308 | Sewer    | Reached XP level 6. HP: 17/48 MP: 5/5
  2314 | Sewer    | Reached skill level 7 in Unarmed Combat
  2793 | D:4      | Reached skill level 8 in Unarmed Combat
  2793 | D:4      | Reached XP level 7. HP: 54/66 MP: 6/6
  2825 | D:4      | Found a radiant altar of Vehumet.
  3189 | D:5      | Entered Level 5 of the Dungeon
  3278 | D:5      | Noticed Duvessa
  3287 | D:5      | Found Niorph Teza's Serpentskin Sales.
  3297 | D:5      | HP: 2/66 [water moccasin (4)]
  3297 | D:5      | Slain by Duvessa

Illustrated notes

Levels and vault maps discovered:
D:1:      tarquinn_simple_flora_water_a, layout_basic, serial_shops,
          nicolae_shop_behind_doors, serial_forest, infiniplex_forest_lined_2,
          infiniplex_forest_straight_5, infiniplex_forest_clump_diagonal,
          infiniplex_forest_straight_3, infiniplex_forest_lined_room_2,
          infiniplex_forest_straight_2, infiniplex_forest_end_double,
          infiniplex_forest_end_1, infiniplex_forest_straight_4
D:2:      layout_basic
D:3:      layout_basic, portal_sewer_entry_f, nicolae_hexahallways
D:4:      layout_cave_pools, mainiacjoe_overflow_chevrons
D:5:      layout_cave_pods, serial_shops, nicolae_shop_trees,
          guppyfry_shop_venom, uniq_duvessa

Skill      XL: |  1  2  3  4  5  6 |
---------------+-------------------+-----
Unarmed Combat | 4 5 6 8 |  8.5
Fighting       | |  2.4
Dodging        | |  2.4
Stealth        | |  1.0

Action                     |  1- 3 |  4- 6 |  7- 9 || total
---------------------------+-------+-------+-------++-------
  Melee: Unarmed           |    73 |   199 |    36 ||   308
         Punch             |     2 |     4 |       ||     6
   Stab: Sleeping          |     1 |     3 |     1 ||     5
 Armour: Robe              |    16 |    70 |    11 ||    97
  Dodge: Dodged            |    37 |    69 |    22 ||   128

Table legend: (Time is in decaauts)
 A = Elapsed time spent in this place.
 B = Non-inter-level travel time spent in this place.
 C = Inter-level travel time spent in this place.
 D = Time resting spent in this place.
 E = Time spent auto-exploring this place.
 F = Levels seen in this place.
 G = Mean time per level.
                   A        B        C        D        E       F      G
               +--------+--------+--------+--------+--------+-----+--------+
         Total |   3261 |   3175 |     86 |     46 |   2224 |   6 |  543.5 |
       Dungeon |   2823 |   2737 |     86 |     24 |   2077 |   5 |  564.6 |
         Sewer |    438 |    438 |      0 |     22 |    147 |   1 |  438.0 |
               +--------+--------+--------+--------+--------+-----+--------+

Top non-repeatable levels by time:
     D:3: 777 daAuts
     D:1: 738 daAuts
     D:2: 701 daAuts
     D:4: 500 daAuts
   Sewer: 438 daAuts
     D:5: 105 daAuts
